Unix NetHack Version 5.0.0-0 post-release - last build May 10 2026 23:12:36 (d1fa5d53e341ca933230fdaa984d921c805b60aa,branch:main).

Game began 2026-05-11 19:49:56, ended 2026-05-11 20:11:10.

BaeHund, chaotic female elven Wizard

                                                |
                                             -..--
                                        -----....---
                                       --.|........| --
                                       |.@....G.......|
                                      -.G.)...........|
                                    |................--
                                    -................G....
                                   ..........G..--- .-----
                                 ...............-
                                 -.---...--.---..
                                 --  ....| .|   ..
                                     .---- .|   -...
                                    --      |     ...
                                                   .--
                                                    .

BaeHund the Conjurer      St:11 Dx:14 Co:10 In:19 Wi:11 Ch:10  Chaotic
Dlvl:5  $:36 HP:0(25) Pw:39(44) AC:9  Xp:4 T:902 

Latest messages:
 Pick a monster, object or location.
 Your candle is consumed!
 Its flame dies.
 You see here a potion of oil.
 You learn more about your items by comparing them.
 f - an uncursed potion of oil (2 in total).
 The newt bites!
 The newt bites!
 You kill the newt!
 You see here 7 rocks.
 Pick a monster, object or location.
 You kill the grid bug!
 You kill the grid bug!
 You descend the stairs.
 You hear an E note squeak in the distance.
 The gnome wields a crossbow!
 You kill the gnome!
 Welcome to experience level 4.
 You feel awake!
 The gnome shoots 2 poisoned crossbow bolts!
 You are hit by the 1st poisoned crossbow bolt.
 You are hit by the 2nd poisoned crossbow bolt.
 There is a staircase up to level 4 here.
 You see here a poisoned crossbow bolt.
 There is a staircase up to level 4 here.
 You see here a poisoned crossbow bolt.
 The gnome throws a dagger!
 A dagger misses you.
 The gnome throws a dagger!
 A dagger misses you.
 The gnome throws a dagger!
 The dagger slips as the gnome throws it!
 A dagger misses you.
 The gnome shoots 2 poisoned crossbow bolts!
 The 1st poisoned crossbow bolt misses the gnome.
 You are hit by the 1st poisoned crossbow bolt!
 The 2nd poisoned crossbow bolt hits the gnome.
 The gnome is killed!
 In what direction? n
 The spell hits the gnome.
 The gnome lord picks up a dagger.
 The gnome shoots 2 poisoned crossbow bolts!
 You are hit by the 1st poisoned crossbow bolt.
 You are hit by the 2nd poisoned crossbow bolt!
 You die...
 Do you want your possessions identified? [ynq] (y) y
 Do you want to see your attributes? [ynq] (y) y
 Do you want an account of creatures vanquished? [ynaq] (y) y
 Do you want to see your conduct and achievements? [ynq] (y) y
 Do you want to see the dungeon overview? [ynq] (y) y

Inventory:
 Coins    ('$')
  $ - 36 gold pieces
 Weapons  (')')
  a - a blessed +1 quarterstaff (weapon in hands)
 Armor    ('[')
  b - an uncursed +0 cloak of magic resistance (being worn)
 Comestibles  ('%')
  o - 2 uncursed food rations
 Scrolls  ('?')
  j - an uncursed scroll of genocide
  i - 2 uncursed scrolls of gold detection
  t - an uncursed scroll of identify
 Spellbooks  ('+')
  p - an uncursed spellbook of confuse monster
  k - a blessed spellbook of force bolt
  l - an uncursed spellbook of light
 Potions  ('!')
  h - an uncursed potion of booze
  v - an uncursed potion of full healing
  r - a blessed potion of gain energy
  g - 2 uncursed potions of healing
  f - 2 uncursed potions of oil
  s - an uncursed potion of water
 Rings    ('=')
  q - a cursed ring of polymorph
  d - an uncursed ring of regeneration
  e - an uncursed ring of teleportation
 Wands    ('/')
  c - a wand of magic missile (0:6)
 Tools    ('(')
  n - an uncursed bell
  m - a magic marker (0:22)

BaeHund the Wizard's attributes:

Background:
 You were a Conjurer, a level 4 female elven Wizard.
 You were chaotic, on a mission for Anhur
 who was opposed by Ptah (lawful) and Thoth (neutral).
 You were right-handed.
 You were in the Gnomish Mines, on level 5.
 You entered the dungeon 902 turns ago.
 You had 82 experience points, 78 more were needed to attain level 5.

Basics:
 You had 0 out of 25 hit points.
 You had 39 out of 44 energy points (spell power).
 Your armor class was 9.
 Your wallet contained 36 zorkmids.
 Autopickup was off.

Final Characteristics:
 Your strength was 11 (limit:18).
 Your dexterity was 14 (limit:18).
 Your constitution was 10 (limit:16).
 Your intelligence was 19 (limit:20).
 Your wisdom was 11 (limit:20).
 Your charisma was 10 (limit:18).

Final Status:
 You weren't hungry.
 You were unencumbered.
 You were wielding a quarterstaff.
 You had basic skill with quarterstaff.

Final Attributes:
 You were devoutly aligned.
 You were magic-protected.
 You were sleep resistant.
 You had infravision.
 You were warded.
 You are dead.

Miscellaneous:
 You didn't encounter any bones levels.
 Total elapsed playing time was 21 minutes and 12 seconds.

Major events:
 Turn
    1: BaeHund the chaotic female elven Wizard entered the dungeon
  529: entered the Gnomish Mines
  582: attained the rank of Conjurer (level 3)
  902: killed by a crossbow bolt

Spells:
 Name                 Level Category     Fail Retention
 force bolt             1   attack         0%  91%-100%
 light                  1   divination     0%  76%-100%
 confuse monster        1   enchantment    0%  91%-100%

Skills:
 Fighting Skills
   bare handed combat [Unskilled]
   riding             [Unskilled]
 Weapon Skills
   dagger             [Unskilled]
   knife              [Unskilled]
   axe                [Unskilled]
   short sword        [Unskilled]
   club               [Unskilled]
   mace               [Unskilled]
   quarterstaff       [Basic]
   polearms           [Unskilled]
   spear              [Unskilled]
   trident            [Unskilled]
   sling              [Unskilled]
   dart               [Unskilled]
   shuriken           [Unskilled]
 Spellcasting Skills
   attack spells      [Basic]
   healing spells     [Unskilled]
   divination spells  [Unskilled]
   enchantment spells [Basic]
   clerical spells    [Unskilled]
   escape spells      [Unskilled]
   matter spells      [Unskilled]

Voluntary challenges:
 Character rerolling was not enabled.
 You were an atheist.
 You never genocided any monsters.
 You never polymorphed an object.
 You never changed form.
 You used no wishes.
Achievements:
 You entered the Gnomish Mines.
 You attained the rank of Conjurer.

 The Dungeons of Doom: levels 1 to 3
    Level 1:
       An altar, a fountain.
    Level 2:
       A fountain.
    Level 3:
       A fountain.
       Stairs down to The Gnomish Mines.
 The Gnomish Mines: levels 4 to 5
    Level 4:
    Level 5: <- You were here.
       Final resting place for
          you, killed by a crossbow bolt.


Vanquished creatures:
  a gnome leader
  a kitten
  a dwarf
 an acid blob
  2 coyotes
  a hobbit
  a green mold
 10 gnomes
  3 jackals
  a kobold
  a goblin
  3 grid bugs
  2 lichens
  4 newts
32 creatures vanquished.

No species were genocided or became extinct.

Game over:
                       ----------
                      /          \
                     /    REST    \
                    /      IN      \
                   /     PEACE      \
                  /                  \
                  |     BaeHund      |
                  |      36 Au       |
                  |   killed by a    |
                  |  crossbow bolt   |
                  |                  |
                  |                  |
                  |       2026       |
                 *|     *  *  *      | *
        _________)/\\_//(\/(/\)/\//\/|_)_______

Goodbye BaeHund the Wizard...

You died in The Gnomish Mines on dungeon level 5 with 561 points,
and 36 pieces of gold, after 902 moves.
You were level 4 with a maximum of 25 hit points when you died.

